 Dungeon Crawl Stone Soup version 0.30-b1-2-g02819fbbbe (webtiles) character file.

Game seed: 17178675609991032717

3844 Keeldawg the Cleaver (level 9, -12/79 HPs)
             Began as a Minotaur Berserker on May 17, 2023.
             Was an Elder of Trog.
             Killed from afar by a wight (15 damage)
             ... with a bolt of acid
             ... on level 8 of the Dungeon.
             The game lasted 00:20:53 (7161 turns).

Keeldawg the Cleaver (Minotaur Berserker)           Turns: 7161, Time: 00:20:54

Health: -12/79     AC: 11    Str: 22    XL:     9   Next: 98%
Magic:  8/8        EV:  8    Int:  4    God:    Trog [****..]
Gold:   461        SH:  0    Dex: 14    Spells: 8/8 levels left

rFire   . . .        F - +3 battleaxe (freeze)
rCold   . . .        (shield currently unavailable)
rNeg    . . .        r - +0 plate armour
rPois   .            (helmet restricted)
rElec   .            (no cloak)
rCorr   .            c - +0 pair of gloves
SInv    +            (no boots)
Will    .....        (no amulet) Stlth
                     o - ring of see invisible
HPRegen 0.33/turn    (no ring)
MPRegen 0.11/turn

%: no passive effects
@: corroded, on berserk cooldown, slowed, very slow
A: horns 2, retaliatory headbutt
a: Renounce Religion, Berserk, Trog's Hand, Brothers in Arms


You were on level 8 of the Dungeon.
You worshipped Trog.
Trog was greatly pleased with you.
You visited 2 branches of the dungeon, and saw 9 of its levels.

You collected 461 gold pieces.

Inventory:

Hand Weapons
 F - a +3 battleaxe of freezing (weapon)
Armour
 c - a +0 pair of gloves (worn)
 r - a +0 plate armour (worn)
Jewellery
 o - a ring of see invisible (left hand)
 p - a +5 ring of evasion
Wands
 q - a wand of polymorph (7)
 u - a wand of acid (6)
Scrolls
 b - 2 scrolls of blinking {unknown}
 d - a scroll of vulnerability {unknown}
 g - a scroll of immolation {unknown}
 h - 5 scrolls of enchant weapon
 j - a scroll of brand weapon {unknown}
 k - a scroll of noise {unknown}
 l - 2 scrolls of enchant armour
 n - a scroll of butterflies {unknown}
 t - a scroll of torment {unknown}
 w - 2 scrolls of teleportation
 y - a scroll of silence {unknown}
 C - a scroll of poison {unknown}
 D - a scroll of magic mapping {unknown}
Potions
 a - a potion of brilliance {unknown}
 e - 2 potions of magic
 f - a potion of berserk rage {unknown}
 i - 2 potions of heal wounds
 m - 2 potions of might
 s - a potion of ambrosia {unknown}
 v - a potion of flight {unknown}
 x - 3 potions of curing
 z - a potion of cancellation {unknown}
 A - a potion of degeneration {unknown}
 B - a potion of haste


   Skills:
 + Level 7.3 Fighting
 * Level 14.0 Axes
 + Level 8.1 Armour
 - Level 2.7 Dodging


You had 8 spell levels left.
You didn't know any spells.
Your spell library was empty.

Dungeon Overview and Level Annotations

Branches:
Dungeon (8/15)             Temple (1/1) D:6
   Lair: D:8-11

Altars:
Cheibriados
Dithmenos
Elyvilon
Fedhas
Gozag
Hepliaklqana
Kikubaaqudgha
Makhleb
Nemelex Xobeh
Okawaru
Qazlal
Ru
Trog
Uskayaw
Vehumet
Wu Jian
Zin
The Shining One


Innate Abilities, Weirdness & Mutations

You have a pair of horns on your head.
You reflexively headbutt those who attack you in melee.


Message History

A two-headed ogre is nearby!
You barely miss the two-headed ogre.
The two-headed ogre hits you with a +0 giant club!
The two-headed ogre closely misses you.
You slice the two-headed ogre!! You freeze the two-headed ogre.
The two-headed ogre is moderately wounded.
The two-headed ogre closely misses you.
The two-headed ogre hits you with a +0 giant spiked club!!
* * * LOW HITPOINT WARNING * * *
A red film seems to cover your vision as you go berserk!
You feel yourself moving faster!
You feel mighty!
You slash the two-headed ogre! You freeze the two-headed ogre.
You headbutt the two-headed ogre!
The two-headed ogre is almost dead.
The two-headed ogre hits you with a +0 giant club.
* * * LOW HITPOINT WARNING * * *
The two-headed ogre hits you with a +0 giant spiked club.
* * * LOW HITPOINT WARNING * * *
You barely miss the two-headed ogre.
The two-headed ogre is almost dead.
You slice the two-headed ogre!! You freeze the two-headed ogre.
You kill the two-headed ogre!
Trog accepts your kill.
Your Axes skill increases to level 14!
Your Armour skill increases to level 8!
A wight comes into view. It is wielding a +4 spear of freezing.
You feel a strong urge to attack something.
You are no longer berserk.
You are exhausted.
You feel yourself slow down.
The wight zaps a wand.
The bolt of acid misses you.
The wight hits you but does no damage. x2
The wight zaps a wand.
The bolt of acid hits you but does no damage.
The acid corrodes you! The wight hits you but does no damage.
The wight zaps a wand.
The bolt of acid misses you. The wight attacks as you move away!
The wight hits you but does no damage.
The wight zaps a wand.
The bolt of acid hits you!
* * * LOW HITPOINT WARNING * * *
The wight zaps a wand.
The bolt of acid hits you!
You die...

##.......## #.........#
## #.........# #..
#.........# #.#
#.........# #.##########
#.........###.........:#
#.........##...........#
#......@..##.#.........#
#.....)...##.#..)......#
#.........zz...........#
#.........##...........#
##.......###......)....#
##.(....##..#..........
######.##.##.....†####
#.##.#..#.#..))).
#....?....#.###).


You could see 2 wights.

Vanquished Creatures
  A two-headed ogre (D:8)
  Duvessa (D:7)
  An orc warrior (D:4)
  4 black bears
  6 ice beasts
  2 sky beasts (D:8)
  3 ogres
  2 centaurs
  2 bullfrogs (D:7)
  A scorpion (D:5)
  9 wights
  Dowan (D:7)
  A howler monkey (D:8)
  An orc priest (D:5)
  3 jellies (D:5)
  3 hounds
  8 orc wizards
  5 iguanas
  2 sleepcaps (D:6)
  7 adders
  A gnoll (D:1)
  A shadow imp (D:7)
  A white imp (D:6)
  4 ufetubi
  2 worms (D:2)
  4 dart slugs
  19 orcs
  10 endoplasms
  A giant cockroach (D:2)
  9 goblins
  3 hobgoblins
  4 quokkas
  10 ball pythons
  8 bats
  3 frilled lizards (D:2)
  10 kobolds
  3 rats
  4 butterflies (D:5)
160 creatures vanquished.

Vanquished Creatures (others)
  3 plants (D:5)
3 creatures vanquished.

Grand Total: 163 creatures vanquished

Notes
Turn   | Place    | Note
-------+----------+-------------------------------------------
     0 | D:1      | Keeldawg the Minotaur Berserker began the quest for the
                  | Orb.
     0 | D:1      | Reached XP level 1. HP: 19/19 MP: 0/0
    97 | D:1      | Reached XP level 2. HP: 27/27 MP: 1/1
    99 | D:1      | Reached skill level 4 in Axes
   147 | D:1      | Found a faded altar of an unknown god.
   471 | D:1      | Reached XP level 3. HP: 33/33 MP: 2/2
   726 | D:2      | Reached ** piety under Trog
   913 | D:2      | Reached XP level 4. HP: 37/41 MP: 3/3
  1753 | D:3      | Reached skill level 5 in Axes
  2264 | D:4      | Noticed an orc warrior
  2281 | D:4      | Killed an orc warrior
  2282 | D:4      | Reached skill level 6 in Axes
  2282 | D:4      | Reached XP level 5. HP: 27/47 MP: 4/4
  2418 | D:4      | Found a radiant altar of Vehumet.
  2453 | D:4      | Found a stormy altar of Qazlal.
  2461 | D:4      | Noticed a black bear
  2471 | D:4      | Noticed an ogre
  2472 | D:4      | Reached XP level 6. HP: 53/53 MP: 5/5
  2473 | D:4      | Reached skill level 7 in Axes
  2480 | D:4      | Reached skill level 5 in Fighting
  2640 | D:4      | Reached XP level 7. HP: 41/61 MP: 6/6
  2745 | D:4      | Reached skill level 8 in Axes
  2745 | D:4      | Reached skill level 5 in Armour
  2746 | D:4      | Reached *** piety under Trog
  3233 | D:5      | Entered Level 5 of the Dungeon
  3419 | D:5      | Reached skill level 9 in Axes
  3727 | D:5      | Reached XP level 8. HP: 61/70 MP: 7/7
  3910 | D:5      | Reached skill level 10 in Axes
  4835 | D:6      | Reached skill level 11 in Axes
  4918 | D:6      | Found a staircase to the Ecumenical Temple.
  4930 | D:6      | Reached **** piety under Trog
  4957 | D:6      | Reached XP level 9. HP: 47/78 MP: 8/8
  5068 | D:6      | Reached skill level 12 in Axes
  5605 | Temple   | Entered the Ecumenical Temple
  5824 | D:7      | Noticed Duvessa
  5824 | D:7      | Noticed Dowan
  5845 | D:7      | Killed Duvessa
  5855 | D:7      | Killed Dowan
  6394 | D:7      | Found a faded altar of an unknown god.
  6394 | D:7      | Found a faded altar of an unknown god.
  6401 | D:7      | Found an iron altar of Okawaru.
  6403 | D:7      | Found a blossoming altar of Fedhas.
  6405 | D:7      | Found a snail-covered altar of Cheibriados.
  6424 | D:7      | Found a glowing golden altar of the Shining One.
  7030 | D:8      | Reached skill level 13 in Axes
  7133 | D:8      | Noticed a two-headed ogre
  7145 | D:8      | Killed a two-headed ogre
  7146 | D:8      | Reached skill level 14 in Axes
  7160 | D:8      | HP: 2/79 [wight/bolt of acid (13)]
  7161 | D:8      | Killed from afar by a wight

Illustrated notes

Levels and vault maps discovered:
D:1:      saegor_arrival_simple_b, layout_basic, ebering_ecumenical_altar_box,
          minmay_misc_feat_encased, minmay_strange_pillars
D:2:      layout_basic
D:3:      layout_basic
D:4:      layout_loops_cross, nicolae_vehumet_altar_sigil,
          mainiacjoe_overflow_paths, hangedman_decor_peaks_small,
          grunt_ministairs_12
D:5:      layout_cave_pods, hangedman_glass_garden
D:6:      layout_loops_cross, minmay_temple_entry_sparse_star
D:7:      layout_layer_cave, chequers_temple_overflow_minitemple,
          lemuel_crystal_altar, uniq_duvessa
D:8:      layout_rooms
Temple:   chequers_temple_sunken

Skill      XL: |  1  2  3  4  5  6  7  8  9 |
---------------+----------------------------+-----
Axes           | 4 6 7 9 11 14 | 14.0
Fighting       | 4 5 6 7 |  7.3
Armour         | 3 4 5 6 8 |  8.1
Dodging        | |  2.7

Action                     |  1- 3 |  4- 6 |  7- 9 || total
---------------------------+-------+-------+-------++-------
  Melee: Hand axe          |    69 |    46 |       ||   115
         Headbutt          |     7 |    16 |    39 ||    62
         Punch             |     1 |     2 |     1 ||     4
         War axe           |       |    64 |   137 ||   201
         Battleaxe         |       |       |    76 ||    76
 Invoke: Berserk           |     2 |     3 |     3 ||     8
         Trog's Hand       |       |     1 |     3 ||     4
    Use: Scroll            |       |       |     7 ||     7
 Armour: Ring mail         |    25 |    12 |       ||    37
         Scale mail        |       |    22 |       ||    22
         Plate armour      |       |    22 |   144 ||   166
  Dodge: Dodged            |    39 |    63 |    80 ||   182
